Map: Oxide LE

Players

Probe

  • Race: Protoss Protoss

Reynor - Winner!

  • Race: Zerg Zerg

Event: DreamHack SC2 Masters 2021 Summer

VOD

Have the link to the VOD?

Description

Time

  • Played on: July 1, 2021, 1:26 p.m.
  • Length: 9:16

All games in this series

Show
View Real Time Build Order
Export as new Build Order

Probe Protoss 

Build Orders: 1 Gate Expand, Mass Adepts 

Get SALT Encoding   

  12  0:00  Probe  
  13  0:12  Probe  
  14  0:19  Pylon  
  14  0:24  Probe  
  15  0:37  Probe (Chrono Boost)  
  16  0:44  Gateway  
  16  0:46  Probe (Chrono Boost)  
  17  0:51  Probe (Chrono Boost), Assimilator  
  18  1:03  Probe  
  19  1:15  Probe  
  20  1:26  Nexus  
  20  1:36  Cybernetics Core  
  20  1:39  Probe  
  21  1:45  Assimilator  
  21  1:51  Probe  
  21  1:53  Pylon  
  22  2:02  Probe  
  23  2:09  Adept (Chrono Boost)  
  23  2:11  Probe  
  26  2:19  Probe, Warp Gate  
  27  2:30  Probe (Chrono Boost)  
  27  2:32  Twilight Council, Adept  
  30  2:38  Probe (Chrono Boost)  
  32  2:47  Probe (Chrono Boost)  
  32  2:48  Probe (Chrono Boost)  
  33  2:52  Robotics Facility  
  33  2:53  Probe  
  33  2:57  Probe  
  35  3:04  Gateway  
  35  3:05  Probe  
  35  3:09  Probe  
  37  3:19  Gateway  
  37  3:20  Gateway  
  37  3:21  Probe x2  
  37  3:25  Stalker  
  41  3:29  Resonating Glaives (Chrono Boost)  
  41  3:30  Pylon  
  41  3:37  Warp Prism (Chrono Boost)  
  43  3:43  Probe  
  43  3:44  Probe  
  45  3:52  Pylon  
  45  3:55  Probe  
  46  3:56  Probe  
  47  4:05  Pylon  
  47  4:07  Probe, Adept x2  
  47  4:08  Probe  
  53  4:10  Observer  
  53  4:14  Adept  
  53  4:16  Adept  
  58  4:19  Probe  
  58  4:23  Probe  
  60  4:29  Assimilator  
  60  4:31  Probe  
  60  4:36  Adept  
  60  4:37  Adept x3  
  69  4:44  Pylon  
  69  4:45  Pylon  
  69  4:59  Adept  
  69  5:02  Adept x3  
  69  5:04  Probe x2  
  71  5:16  Probe x2  
  71  5:23  Immortal (Chrono Boost)  
  71  5:24  Nexus  
  75  5:33  Probe x2  
  77  5:36  Adept x2  
  77  5:37  Adept x2  
  84  5:45  Probe x2  
  86  5:57  Pylon x2  
  86  6:10  Gateway  
  86  6:11  Gateway  
  86  6:13  Forge  
  86  6:15  Pylon, Immortal (Chrono Boost)  
  86  6:16  Adept x3  
  96  6:29  Adept  
  98  6:33  Probe x2  
  100  6:43  Protoss Ground Weapons Level 1 (Chrono Boost)  
  100  6:45  Adept x3  
  104  6:47  Probe x2  
  104  6:48  Probe  
  107  6:59  Probe x2  
  107  7:00  Probe, Robotics Bay  
  110  7:01  Photon Cannon  
  110  7:03  Adept  
  110  7:04  Adept  
  114  7:11  Probe x2  
  114  7:13  Probe  
  117  7:23  Probe x2  
  117  7:25  Probe  
  120  7:33  Assimilator x2  
  120  7:35  Probe x2, Pylon  
  120  7:36  Pylon x3  
  122  7:37  Pylon  
  122  7:47  Stalker x2  
  122  7:50  Shield Battery  
  122  7:51  Shield Battery  
  124  7:52  Photon Cannon  
  124  7:53  Disruptor, Shield Battery  
  124  7:54  Shield Battery  
  124  7:57  Shield Battery  
  123  8:03  Photon Cannon, Shield Battery  
  121  8:09  Adept x4  
  119  8:23  Adept x2  
  112  8:28  Disruptor  
  112  8:31  Zealot x4  
  89  8:47  Adept x2  
  87  8:55  Adept x4  
Show
View Real Time Build Order
Export as new Build Order

Reynor Zerg - Winner!

Build Orders: Hatch First 

Get SALT Encoding   

  12  0:00  Drone  
  13  0:12  Overlord  
  13  0:16  Drone  
  14  0:30  Drone  
  14  0:31  Drone  
  16  0:50  Hatchery  
  16  0:51  Drone  
  16  0:54  Drone  
  17  0:59  Drone  
  18  1:08  Extractor  
  17  1:14  Spawning Pool  
  17  1:17  Drone  
  17  1:21  Drone  
  18  1:29  Drone  
  19  1:39  Drone  
  20  1:49  Overlord  
  20  2:00  Queen  
  22  2:03  Queen  
  22  2:04  Zergling x4  
  26  2:10  Drone  
  26  2:13  Drone  
  26  2:14  Metabolic Boost  
  28  2:21  Drone  
  29  2:29  Drone  
  30  2:38  Hatchery  
  30  2:39  Drone  
  30  2:43  Zergling x2  
  31  2:48  Queen  
  33  2:53  Overlord  
  33  2:55  Drone  
  33  2:58  Drone  
  35  2:59  Drone  
  36  3:09  Overlord  
  36  3:12  Drone x3  
  39  3:17  Queen  
  43  3:28  Drone x4  
  43  3:32  Drone  
  46  3:37  Queen  
  46  3:39  Drone  
  49  3:43  Roach Warren  
  49  3:44  Drone  
  49  3:50  Drone  
  49  3:54  Drone  
  51  4:00  Queen  
  53  4:04  Zergling x10  
  53  4:05  Overlord  
  58  4:11  Overlord  
  58  4:16  Overlord  
  57  4:23  Zergling x2  
  57  4:24  Zergling x10  
  63  4:28  Roach  
  63  4:30  Roach x2  
  69  4:32  Overlord  
  69  4:34  Roach  
  69  4:36  Roach  
  73  4:41  Roach  
  73  4:45  Roach x3  
  81  4:46  Overlord  
  81  4:55  Overlord  
  81  4:59  Drone x4  
  85  5:00  Drone x2  
  85  5:04  Spore Crawler  
  84  5:07  Drone x2  
  84  5:11  Drone x3  
  84  5:12  Drone  
  89  5:15  Drone x2  
  89  5:18  Spore Crawler  
  89  5:20  Spore Crawler  
  89  5:23  Lair  
  89  5:25  Drone  
  89  5:26  Drone x2  
  92  5:29  Drone x2  
  92  5:31  Drone  
  92  5:33  Overlord  
  92  5:34  Drone  
  96  5:36  Drone  
  96  5:38  Extractor  
  96  5:42  Drone, Overlord  
  96  5:43  Drone  
  96  5:47  Overlord  
  99  5:50  Drone x2  
  99  5:54  Drone, Evolution Chamber  
  99  5:55  Drone x2  
  101  6:00  Extractor  
  101  6:01  Extractor  
  101  6:02  Extractor, Overlord  
  101  6:03  Extractor, Drone  
  98  6:06  Drone  
  99  6:13  Overlord  
  98  6:19  Drone x2  
  98  6:21  Drone x6  
  106  6:25  Overlord  
  106  6:26  Roach x2  
  106  6:27  Zerg Missile Weapons Level 1, Glial Reconstitution, Roach  
  106  6:30  Overlord  
  106  6:32  Drone  
  113  6:35  Overseer  
  117  6:40  Roach x2  
  117  6:43  Overlord  
  117  6:51  Roach x5  
  117  6:53  Overlord  
  127  6:55  Roach x2  
  127  6:57  Roach  
  133  7:02  Roach x4  
  133  7:07  Hatchery, Roach x2  
  144  7:12  Ravager x2  
  144  7:13  Roach  
  148  7:16  Overlord  
  148  7:17  Ravager  
  148  7:18  Zergling x2, Roach x2  
  148  7:22  Zergling x2, Roach x3  
  161  7:27  Overlord  
  161  7:28  Zergling x2, Roach x2  
  166  7:31  Overlord  
  166  7:36  Roach x2  
  170  7:42  Roach x2  
  169  7:47  Roach x3  
  169  7:48  Roach  
  174  7:51  Overlord  
  174  7:52  Roach  
  174  7:53  Roach  
  174  7:54  Roach  
  174  7:55  Ravager x2  
  174  7:56  Roach  
  184  8:00  Roach  
  184  8:04  Roach  
  185  8:07  Overlord  
  185  8:09  Roach x3  
  185  8:15  Roach x4  
  185  8:19  Zergling x2  
  194  8:21  Overlord  
  194  8:26  Roach x4  
  182  8:30  Roach  
  166  8:34  Roach  
  166  8:36  Roach x3  
  166  8:37  Roach  
  158  8:43  Roach x4  
  158  8:46  Roach  
  164  8:48  Roach x2  
  164  8:49  Roach  
  164  8:51  Roach  
  164  8:55  Roach  
  166  9:07  Hatchery  
Tags
 
Add a new tag
Caveats
  • Supply blocks, unpowered buildings, or Contaminate may cause inaccurate times.
  • Supply counts are checked every 10 seconds.